 Dungeon Crawl Stone Soup version 0.29.0-4-gdea44cf6ec (webtiles) character file.

Game seed: 14898072808114519914

172 qw the Chopper (level 5, 0/30 HPs)
             Began as a Tengu Warper on Aug 28, 2022.
             Was an Initiate of Okawaru.
             Slain by Grinder (2 damage)
             ... on level 6 of the Dungeon.
             The game lasted 00:00:15 (3376 turns).

qw the Chopper (Tengu Warper)                       Turns: 3376, Time: 00:00:16

Health: 0/30       AC:  5    Str: 13    XL:     5   Next: 52%
Magic:  9/9        EV: 13    Int: 13    God:    Okawaru [......]
Gold:   146        SH:  0    Dex: 14    Spells: 8/8 levels left

rFire   . . .      SeeInvis .   a - +2 hand axe (elec)
rCold   . . .      Faith    .   (no shield)
rNeg    . . .      Spirit   .   g - +0 ring mail
rPois   .          Reflect  .   (helmet restricted)
rElec   .          Harm     .   (no cloak)
rCorr   .          Rampage  .   (no gloves)
Will    .....                   (boots unavailable)
Stlth   +.........              (no amulet)
HPRegen 0.10/turn               (no ring)
MPRegen 0.11/turn               (no ring)

@: flying quickly and evasively, quick
A: beak, talons 3, nimble flight
a: Renounce Religion


You were on level 6 of the Dungeon.
You worshipped Okawaru.
Okawaru was noncommittal.
You visited 1 branch of the dungeon, and saw 4 of its levels.

You collected 146 gold pieces.


Innate Abilities, Weirdness & Mutations

You have a beak for a mouth.
You have claws for feet.
Your magical nature lets you fly swiftly and evasively.


   Skills:
 - Level 2.0 Fighting
 + Level 6.1 Axes
 - Level 1.0 Throwing
 - Level 1.1 Armour
 - Level 2.1 Dodging
 - Level 2.0 Spellcasting
 - Level 2.4 Translocations


You had 8 spell levels left.
You didn't know any spells.
Your spell library contained the following spells:

 Spells                   Type           Power      Damage    Failure   Level
 Blink                    Tloc           14%        N/A       30%         2
 Gell's Gravitas          Tloc           7%         N/A       52%         3
 Lesser Beckoning         Tloc           7%         N/A       52%         3
 Teleport Other           Tloc           7%         N/A       52%         3
 Manifold Assault         Tloc           7%         N/A       99%         5

Inventory:

Hand Weapons
 a - a +2 hand axe of electrocution (weapon)
 d - a +0 whip
Armour
 g - a +0 ring mail (worn)
Scrolls
 b - a scroll of identify
Potions
 c - a potion of degeneration {unknown}
 f - 2 potions of curing
 h - a potion of mutation {unknown}

Dungeon Overview and Level Annotations

Branches:
Dungeon (3/15)

Altars:
Okawaru
Sif Muna

Annotations:
D:6 Grinder


Message History

You hit Grinder but do no damage.
Grinder is lightly wounded.
The kobold throws a poisoned dart.
The poisoned dart barely misses you. Grinder gestures at you.
Pain shoots through your body!
You hit Grinder. You claw Grinder, but do no damage.
Grinder is lightly wounded.
Grinder completely misses you.
You barely miss Grinder.
Grinder is lightly wounded.
A bullfrog comes into view.
Grinder closely misses you.
The bullfrog moves out of view.
You hit Grinder. Lightning courses through Grinder! Your peck misses Grinder.
Grinder is heavily wounded.
Grinder closely misses you.
You barely miss Grinder.
Grinder is heavily wounded.
Grinder gestures at you. You resist with significant effort.
You closely miss Grinder.
The bullfrog croaks.
You claw Grinder, but do no damage.
Grinder is heavily wounded.
You hit the kobold.
You hear a shout!
The kobold hits you with a +0 short sword.
Grinder gestures at you. You resist with significant effort.
You hit Grinder.
Grinder is heavily wounded.
You hit the kobold but do no damage. The kobold barely misses you.
Grinder gestures at you. Pain shoots through your body!
You closely miss Grinder. Your kick misses Grinder.
Grinder is heavily wounded.
You closely miss the kobold. You barely miss the bullfrog.
The kobold hits you but does no damage. The bullfrog closely misses you.
Grinder hits you.
You die...

... .. #####.##
......## #......##
#..)....#. #5KF......
# #.@.....# #..
#.##)#....## ..
#.........# #...##
####.##......
##......# #.# .#####
... >.#.# ####.##.#
.#.##.#.## #.......#
......#..###.##.#..#
........#.##.##.#.....


You could see Grinder, a bullfrog and a kobold.

Vanquished Creatures
  2 orc priests (D:3)
  An iguana (D:6)
  An adder (D:2)
  2 gnolls (D:6)
  A worm (D:2)
  A dart slug (D:1)
  5 orcs
  3 endoplasms (D:1)
  3 goblins (D:1)
  4 hobgoblins
  4 jackals (D:1)
  3 quokkas
  6 ball pythons
  5 frilled lizards
  7 kobolds
  4 rats
52 creatures vanquished.

Notes
Turn   | Place    | Note
-------+----------+-------------------------------------------
     0 | D:1      | qw the Tengu Warper began the quest for the Orb.
     0 | D:1      | Reached XP level 1. HP: 12/12 MP: 4/4
     0 | D:1      | 0 ||| qw: Version: 0.1-a-89-g26bdef1
     0 | D:1      | 0 ||| qw: Game counter: 568
     0 | D:1      | 0 ||| qw: Always use a shield: true
     0 | D:1      | 0 ||| qw: God list: Okawaru
     0 | D:1      | 0 ||| qw: Allow faded altars: false
     0 | D:1      | 0 ||| qw: Do Orc after D:15 true
     0 | D:1      | 0 ||| qw: Do second Lair branch before Depths: true
     0 | D:1      | 0 ||| qw: Lair rune preference: random
     0 | D:1      | 0 ||| qw: Plans: Normal
     0 | D:1      | 0 ||| PLANNING D:1-11
   140 | D:1      | Reached XP level 2. HP: 16/17 MP: 6/6
   200 | D:1      | Reached skill level 3 in Axes
   236 | D:1      | 236 ||| Stepping ~*~*~tactically~*~*~ (stealth).
   382 | D:1      | 382 ||| Stepping ~*~*~tactically~*~*~ (stealth).
   384 | D:1      | 384 ||| Stepping ~*~*~tactically~*~*~ (stealth).
   420 | D:1      | HP: 3/17 [frozen (3)]
   796 | D:1      | Reached XP level 3. HP: 15/21 MP: 7/7
  1119 | D:1      | Found a faded altar of an unknown god.
  1467 | D:1      | 1467 ||| UPGRADING to +0 ring mail.
  1477 | D:1      | 1477 ||| DROPPING +0 leather armour.
  1478 | D:1      | 1478 ||| READING scroll labelled YMAGGUP XOINIY.
  1483 | D:1      | 1483 ||| READING scroll labelled HEIRIE IGAUGG.
  1484 | D:1      | 1484 ||| DRINKING 2 smoky inky potions.
  1485 | D:1      | 1485 ||| DROPPING scroll of blinking.
  1558 | D:2      | Reached skill level 4 in Axes
  2408 | D:2      | 2408 ||| Stepping ~*~*~tactically~*~*~ (stealth).
  2637 | D:2      | 2637 ||| READING 4 scrolls of identify.
  2637 | D:2      | 2637 ||| IDENTIFYING glowing blue potion
  2638 | D:2      | 2638 ||| READING 3 scrolls of identify.
  2638 | D:2      | 2638 ||| IDENTIFYING brown potion
  2639 | D:2      | 2639 ||| READING 2 scrolls of identify.
  2639 | D:2      | 2639 ||| IDENTIFYING green potion
  2640 | D:2      | 2640 ||| DROPPING potion of brilliance.
  2641 | D:2      | 2641 ||| DROPPING potion of attraction.
  2682 | D:3      | 2682 ||| Stepping ~*~*~tactically~*~*~ (hiding).
  2687 | D:3      | HP: 4/21 [orc priest/divine providence (17)]
  2688 | D:3      | 2688 ||| DRINKING potion of heal wounds.
  2691 | D:3      | 2691 ||| Stepping ~*~*~tactically~*~*~ (hiding).
  2704 | D:3      | Reached skill level 5 in Axes
  2704 | D:3      | Reached XP level 4. HP: 16/26 MP: 8/8
  2905 | D:3      | 2905 ||| SWAPPING to +2 hand axe of electrocution.
  2906 | D:3      | 2906 ||| DROPPING +0 hand axe.
  2940 | D:3      | Gained mutation: Your magical nature lets you fly swiftly
                  | and evasively. [Tengu growth]
  2940 | D:3      | Reached XP level 5. HP: 30/30 MP: 9/9
  3151 | D:3      | 3151 ||| Stepping ~*~*~tactically~*~*~ (stealth).
  3188 | D:3      | Found a shimmering blue altar of Sif Muna.
  3204 | D:3      | You are sucked into a shaft and drop 3 floors!
  3253 | D:6      | Reached skill level 6 in Axes
  3314 | D:6      | Found an iron altar of Okawaru.
  3322 | D:6      | Became a worshipper of Warmaster Okawaru
  3360 | D:6      | Noticed Grinder
  3366 | D:6      | Paralysed by Grinder for 3 turns
  3375 | D:6      | HP: 2/30 [Grinder/nerve-wracking pain (6)]
  3376 | D:6      | Slain by Grinder

Levels and vault maps discovered:
D:1:      saegor_arrival_simple_c, layout_basic,
          dilly_ecumenical_altar_fadedgnrine
D:2:      layout_basic
D:3:      layout_loops_ring, mainiacjoe_overflow_chevrons,
          kennysheep_generic_room_5
D:6:      layout_loops_cross, fedhas_altar_2, okawaru_altar_gauntlet_db,
          uniq_crazy_yiuf_cottage, uniq_grinder

Skill      XL: |  1  2  3  4  5 |
---------------+----------------+-----
Axes           | 3 5 6 |  6.1
Fighting       | |  2.0
Throwing       | |  1.0
Armour         | |  1.1
Dodging        | |  2.1
Spellcasting   | |  2.0
Translocations | |  2.4

Action                   |  1- 3 |  4- 6 || total
-------------------------+-------+-------++-------
Melee: Hand axe          |   111 |    44 ||   155
       Kick              |    24 |    11 ||    35
       Peck              |    17 |     5 ||    22
       Punch             |     1 |       ||     1
Throw: Boomerang         |     7 |       ||     7
  Use: Scroll            |     5 |       ||     5
       Potion            |     2 |       ||     2
Armor: Leather armour    |    16 |       ||    16
       Ring mail         |    16 |     7 ||    23
Dodge: Dodged            |    58 |    21 ||    79

Table legend:
 A = Non-vault XP
 B = Vault XP
 C = Vault XP percentage of total XP
 D = Non-vault monster count
 E = Vault monster count
 F = Vault count percentage of total count
                 A         B        C        D         E       F
            +---------+---------+-------+---------+---------+-------
      Total |     208 |      38 |  15.4 |      46 |       6 |  11.5
            +---------+---------+-------+---------+---------+-------
        D:1 |      41 |       0 |   0.0 |      23 |       0 |   0.0
        D:2 |      31 |       0 |   0.0 |      10 |       0 |   0.0
        D:3 |      98 |       0 |   0.0 |      10 |       0 |   0.0
        D:6 |      38 |      38 |  50.0 |       3 |       6 |  66.7
            +---------+---------+-------+---------+---------+-------
